 Dungeon Crawl Stone Soup version 0.28-a0-850-g09de17f5b5 (webtiles) character file.

Game seed: 15159403952399586788

114 bande the Skirmisher (level 4, 0/29 HPs)
             Began as a Gargoyle Fighter on Nov 13, 2021.
             Killed from afar by Sigmund (1 damage)
             ... with a puff of flame
             ... on level 3 of the Dungeon.
             The game lasted 00:03:04 (2677 turns).

bande the Skirmisher (Gargoyle Fighter)             Turns: 2677, Time: 00:03:04

Health: 0/29       AC: 17    Str: 20    XL:     4   Next: 97%
Magic:  4/4        EV:  6    Int:  9    God:
Gold:   26         SH:  0    Dex:  9    Spells: 3/3 levels left

rFire   . . .      SeeInvis .   a - +0 war axe
rCold   . . .      Faith    .   c - +0 buckler
rNeg    + . .      Spirit   .   j - +0 plate armour
rPois   ∞          Reflect  .   l - +0 helmet
rElec   +          Harm     .   (no cloak)
rCorr   .          Rampage  .   (no gloves)
Will    .....                   b - +0 pair of boots {Stlth+}
Stlth   ..........              (no amulet)
HPRegen 0.09/turn               (no ring)
MPRegen 0.09/turn               (no ring)

@: confused, mighty
A: sickness immunity, AC +3, negative energy resistance 1, electricity
resistance, torment resistance 1, petrification resistance
a: no special abilities


You were on level 3 of the Dungeon.
You visited 1 branch of the dungeon, and saw 3 of its levels.

You collected 26 gold pieces.

Inventory:

Hand Weapons
 a - a +0 war axe (weapon)
Armour
 b - a +0 pair of boots of stealth (worn)
 c - a +0 buckler (worn)
 j - a +0 plate armour (worn)
 l - a +0 helmet (worn)
Jewellery
 h - a ring of fire
Scrolls
 i - a scroll of enchant weapon
 k - 2 scrolls of teleportation
Potions
 d - 2 potions of might
 m - a potion of flight


   Skills:
 + Level 4.1 Fighting
 + Level 3.1 Axes
 + Level 3.9 Armour
 + Level 3.8 Shields


You had 3 spell levels left.
You didn't know any spells.
Your spell library contained the following spells:

 Spells                   Type           Power      Damage    Failure   Level
 Blink                    Tloc           0%         N/A       100%        2
 Lesser Beckoning         Tloc           0%         N/A       100%        3
 Manifold Assault         Tloc           0%         N/A       100%        5


Dungeon Overview and Level Annotations

Branches:
Dungeon (3/15)

Altars:
Hepliaklqana

Annotations:
D:3 Sigmund


Innate Abilities, Weirdness & Mutations

You are immune to sickness and miasma.
Your stone body is resilient. (AC +3)
You are immune to poison.
You resist negative energy. (rN+)
You are resistant to electric shocks. (rElec)
You are resistant to unholy torment.
You are immune to petrification.


Message History

The bat hits you but does no damage. The orc closely misses you.
Unknown command.
You closely miss Sigmund.
Sigmund is heavily wounded.
You miss the bat.
Your plate armour prevents you from hitting the orc.
The bat hits you but does no damage.
Sigmund says, "Look into my eyes."
Sigmund hits you with a +0 scythe. The orc barely misses you.
You're too confused to move!
The bat hits you but does no damage. Sigmund hits you with a +0 scythe!
The orc hits you but does no damage.
Unknown command.
You closely miss Sigmund.
Sigmund is heavily wounded.
You slash the orc!
You kill the orc!
The bat completely misses you.
Sigmund points at you and mumbles some strange words.
You resist with some effort.
You feel less confused. You block the bat's attack.
Sigmund hits you from afar with a +0 scythe.
* * * LOW HITPOINT WARNING * * *
Unknown command.
The bat hits you but does no damage.
Sigmund gestures wildly while chanting.
Sigmund flickers and vanishes!
Deactivating autopickup; reactivate with Ctrl-A.
You hit something. The bat hits you but does no damage. Something hits you.
* * * LOW HITPOINT WARNING * * *
Unknown command.
You miss something. The bat barely misses you.
You hear some strange, mumbled words.
You are confused.
Unknown command.
The bat hits you but does no damage.
You hear some strange, mumbled words.
A puff of flame appears from out of thin air!
The puff of flame hits you.
You die...

###. # ...
..... # .# ###
#... .####.#
...###.....# #
...#......# ..
#........###
#.#.{.........
#....).....##
##..@b.......
#..........##
#)###......(..
.. ...###..##
#. ..... .# #
....... #
#.......
##.#.###.


You could see a bat.

Vanquished Creatures
  Robin (D:2)
  3 adders (D:2)
  A worm (D:2)
  5 dart slugs
  An orc (D:3)
  7 bats
  4 endoplasms (D:2)
  5 giant cockroaches
  3 goblins
  5 hobgoblins
  4 jackals (D:2)
  4 kobolds
  2 quokkas
  6 ball pythons
  3 frilled lizards (D:2)
  3 rats
57 creatures vanquished.

Notes
Turn   | Place    | Note
-------+----------+-------------------------------------------
     0 | D:1      | bande the Gargoyle Fighter began the quest for the Orb.
     0 | D:1      | Reached XP level 1. HP: 14/14 MP: 1/1
   199 | D:1      | Reached XP level 2. HP: 19/19 MP: 2/2
  1054 | D:1      | Reached XP level 3. HP: 20/23 MP: 3/3
  1502 | D:2      | Found a hazy altar of Hepliaklqana.
  1781 | D:2      | Reached XP level 4. HP: 26/29 MP: 4/4
  1961 | D:2      | Reached skill level 4 in Fighting
  2305 | D:2      | Noticed Robin
  2310 | D:2      | Killed Robin
  2514 | D:2      | Found a faded altar of an unknown god.
  2663 | D:3      | Noticed Sigmund
  2675 | D:3      | HP: 1/29 [something (5)]
  2677 | D:3      | Killed from afar by Sigmund

Illustrated notes

Levels and vault maps discovered:
D:1:      enne_arrival_octagon_isle, layout_basic
D:2:      layout_basic, hellmonk_ecumenical_altar_blasted, basic_altar,
          minmay_diced_spiral, uniq_robin
D:3:      layout_loops_ring, uniq_jessica, uniq_sigmund

Skill      XL: |  1  2  3  4 |
---------------+-------------+-----
Axes           | 2 3 |  3.1
Fighting       | 4 |  4.1
Armour         | |  3.9
Shields        | |  3.8

Action                   |  1- 3 |  4- 6 || total
-------------------------+-------+-------++-------
Melee: War axe           |   119 |    82 ||   201
  Use: Scroll            |       |     5 ||     5
       Potion            |       |     1 ||     1
Armor: Scale mail        |    80 |       ||    80
       Plate armour      |       |    67 ||    67
Dodge: Dodged            |    61 |    44 ||   105
Block: Buckler           |    42 |    24 ||    66

Table legend: (Time is in decaauts)
 A = Elapsed time spent in this place.
 B = Non-inter-level travel time spent in this place.
 C = Inter-level travel time spent in this place.
 D = Time resting spent in this place.
 E = Time spent auto-exploring this place.
 F = Levels seen in this place.
 G = Mean time per level.
                   A        B        C        D        E       F      G
               +--------+--------+--------+--------+--------+-----+--------+
         Total |   2755 |   2755 |      0 |    581 |   1628 |   3 |  918.3 |
       Dungeon |   2755 |   2755 |      0 |    581 |   1628 |   3 |  918.3 |
               +--------+--------+--------+--------+--------+-----+--------+

Top non-repeatable levels by time:
     D:1: 1526 daAuts
     D:2: 1195 daAuts
     D:3: 34 daAuts
